 Dungeon Crawl Stone Soup version 0.31-a0-845-g9abc20d24f (webtiles) character file.

Game seed: 13214067263351656840

16 Kurtz the Chopper (level 2, -3/21 HPs)
             Began as an Octopode Fighter on Oct 2, 2023.
             Slain by Sigmund
             ... wielding a +0 scythe
              (8 damage)
             ... on level 2 of the Dungeon.
             The game lasted 00:00:21 (838 turns).

Kurtz the Chopper (Octopode Fighter)                 Turns: 838, Time: 00:00:22

Health: -3/21      AC:  1    Str: 13 (15) XL:     2   Next: 58%
Magic:  2/2        EV: 12    Int:  8 (10) God:
Gold:   41         SH:  0    Dex:  9 (11) Spells: 1/1 levels left

rFire   + . .        a - +0 war axe
rCold   + . .        b - +0 buckler
rNeg    . . .        (helmet restricted)
rPois   +            (no amulet)
rElec   +            (no ring)
rCorr   +            (no ring)
SInv    .            (no ring)
Will    .....        (no ring)
Stlth   ++           (no ring)
HPRegen 0.23/turn    (no ring)
MPRegen 0.08/turn    (no ring)
                     (no ring)

%: no passive effects
@: confused, mighty, resistant
A: almost no armour, amphibious, 8 rings, camouflage 1, gelatinous body 1,
(nimble swimmer 1), tentacles
a: no special abilities


You were on level 2 of the Dungeon.
You visited 1 branch of the dungeon, and saw 2 of its levels.

You collected 41 gold pieces.

Inventory:

Hand Weapons
 a - a +0 war axe (weapon)
Armour
 b - a +0 buckler (worn)
Scrolls
 e - a scroll of enchant armour {unknown}
 g - a scroll of amnesia {unknown}
 h - a scroll of identify {unknown}


   Skills:
 - Level 3.0 Fighting
 + Level 3.1 Axes
 - Level 3.0 Dodging
 - Level 3.0 Shields


You had one spell level left.
You didn't know any spells.
Your spell library contained the following spells:

 Spells                   Type           Power      Damage    Failure   Level
 Ensorcelled Hibernation  Hex/Ice        0%         N/A       65%         2
 Jinxbite                 Hex            0%         N/A       65%         2
 Anguish                  Hex/Necr       0%         N/A       99%         4


Dungeon Overview and Level Annotations

Branches:
Dungeon (2/15)

Altars:
Dithmenos

Annotations:
D:2 Sigmund


Innate Abilities, Weirdness & Mutations

You cannot wear most types of armour.
You are amphibious.
You can wear up to eight rings at the same time.
Your skin changes colour to match your surroundings (Stealth+).
Your rubbery body absorbs attacks. (AC +1, EV +1)
((You are camouflaged when in or above water. (Stealth+)))
You have tentacles for arms and can constrict up to eight enemies at once.


Message History

Found a shadowy altar of Dithmenos.
No target in view!
g - a scroll labelled JYPISIKHLAEL No target in view!
You pick up a book of Dreams and begin reading...
You add the spells Jinxbite, Ensorcelled Hibernation and Anguish to your library.
No target in view!
h - a scroll labelled CUQASK IMIRGH No target in view!
No target in view!
Sigmund the Dreaded comes into view.
He is wielding a +0 scythe, wearing a +2 robe of willpower and carrying a wand of flame.
Sigmund is nearby!
Sigmund is nearby!
Sigmund is nearby!
The helpless Sigmund fails to defend himself.
You hit Sigmund but do no damage. Your grab misses Sigmund.
Your squeeze misses Sigmund. Sigmund hits you with a +0 scythe.
You barely miss Sigmund. You grab Sigmund.
You squeeze Sigmund, but do no damage. You constrict Sigmund.
Sigmund zaps a wand.
The puff of flame hits you!
You hit Sigmund. You squeeze Sigmund.
Sigmund is moderately wounded.
You constrict Sigmund.
Sigmund points at you and mumbles some strange words.
You are confused.
Sigmund gestures wildly while chanting.
Sigmund flickers and vanishes!
Deactivating autopickup; reactivate with Ctrl-A.
Unknown command.
It was a potion of degeneration.
There was something very wrong with that liquid.
You feel weakened.
You feel dopey.
You feel clumsy.
You constrict something. Something hits you!
* * * LOW HITPOINT WARNING * * *
You feel very mighty all of a sudden.
You constrict something.
It was a potion of resistance.
You feel protected.
You constrict something. Something hits you!
You die...

#..............#
#..........._..#
#########......#
##.....# #..#.##
#....# #.####
#.#######
#....@{.#
#######.# #


There were no monsters in sight!

Vanquished Creatures
  2 worms (D:2)
  An endoplasm (D:1)
  2 giant cockroaches (D:1)
  A quokka (D:1)
  2 ball pythons
  A bat (D:1)
  A frilled lizard (D:2)
  A goblin (D:2)
  A rat (D:1)
12 creatures vanquished.

Notes
Turn   | Place    | Note
-------+----------+-------------------------------------------
     0 | D:1      | Kurtz the Octopode Fighter began the quest for the Orb.
     0 | D:1      | Reached XP level 1. HP: 16/16 MP: 1/1
   190 | D:1      | Reached XP level 2. HP: 19/21 MP: 2/2
   296 | D:2      | Identified the +8 dagger of Destiny {freeze, Dex+2}
   810 | D:2      | Found a shadowy altar of Dithmenos.
   828 | D:2      | Noticed Sigmund
   838 | D:2      | Slain by Sigmund

Illustrated notes

Levels and vault maps discovered:
D:1:      eino_arrival_water_star, layout_basic, minmay_octomino_j4
D:2:      layout_basic, basic_altar, uniq_sigmund

Skill      XL: |  1  2 |
---------------+-------+-----
Axes           | 3 |  3.1
Fighting       | |  3.0
Dodging        | |  3.0
Shields        | |  3.0

Action                     || total
---------------------------++-------
  Melee: War axe           ||    21
         Constrict         ||     7
         Tentacles         ||     6
    Use: Potion            ||     3
   Stab: Sleeping          ||     6
 Armour: Skin              ||     8
  Dodge: Dodged            ||     4
  Block: Buckler           ||     2

Table legend: (Time is in decaauts)
 A = Elapsed time spent in this place.
 B = Non-inter-level travel time spent in this place.
 C = Inter-level travel time spent in this place.
 D = Time resting spent in this place.
 E = Time spent auto-exploring this place.
 F = Levels seen in this place.
 G = Mean time per level.
                   A        B        C        D        E       F      G
               +--------+--------+--------+--------+--------+-----+--------+
         Total |    846 |    813 |     33 |    152 |    569 |   2 |  423.0 |
       Dungeon |    846 |    813 |     33 |    152 |    569 |   2 |  423.0 |
               +--------+--------+--------+--------+--------+-----+--------+

Top non-repeatable levels by time:
     D:2: 619 daAuts
     D:1: 227 daAuts
